 Dungeon Crawl Stone Soup version 0.21-a0-509-gecc5317 (webtiles) character file.

128 dvd the Firebug (level 4, 0/24 HPs)
             Began as a Deep Elf Fire Elementalist on Nov 29, 2017.
             Killed by divine providence
             ... invoked by an orc priest
              (14 damage)
             ... on level 3 of the Dungeon.
             The game lasted 00:05:28 (1958 turns).

dvd the Firebug (Deep Elf Fire Elementalist)        Turns: 1958, Time: 00:05:29

Health: 0/24       AC:  3    Str:  5    XL:     4   Next: 86%
Magic:  4/12       EV: 13    Int: 21    God:
Gold:   111        SH:  0    Dex: 15    Spells: 5/12 levels left

rFire    . . .     SeeInvis .   p - +1 long sword (holy)
rCold    . . .     Gourm    .   (no shield)
rNeg     . . .     Faith    .   a - +0 robe
rPois    .         Spirit   .   d - +0 helmet
rElec    .         Reflect  .   (no cloak)
rCorr    .         Harm     .   (no gloves)
MR       .....                  (no boots)
Stlth    ++........             (no amulet)
HPRegen  0.08/turn              j - ring of wizardry
MPRegen  0.13/turn              (no ring)

@: no status effects
A: no striking features
a: no special abilities


You were on level 3 of the Dungeon.
You were not hungry.

You visited 1 branch of the dungeon, and saw 3 of its levels.

You collected 111 gold pieces.

Inventory:

Hand Weapons
 p - a +1 long sword of holy wrath (weapon)
Armour
 a - a +0 robe (worn)
 d - a +0 helmet (worn)
Jewellery
 j - a ring of wizardry (left hand)
Scrolls
 e - 6 scrolls of identify {unknown}
 f - a scroll of enchant weapon {unknown}
 g - a scroll of immolation {unknown}
 h - 3 scrolls of teleportation {unknown}
Potions
 m - a potion of ambrosia {unknown}
 n - a potion of experience {unknown}
 o - a potion of cancellation {unknown}
 q - a potion of brilliance {unknown}
 r - a potion of berserk rage {unknown}
 s - a potion of agility {unknown}
Books
 b - a book of Flames

   Spells                             Type                      Level
   a - Flame Tongue                   Conjuration/Fire             1
   b - Throw Flame                    Conjuration/Fire             2
   c - Conjure Flame                  Conjuration/Fire             3
   d - Inner Flame                    Hexes/Fire                   3
   e - Sticky Flame                   Conjuration/Fire             4
   f - Fireball                       Conjuration/Fire             5
Comestibles
 c - 3 bread rations
 i - a fruit
 k - a meat ration
 l - 2 chunks of flesh


   Skills:
 + Level 0.1 Long Blades
 + Level 3.2 Dodging
 + Level 2.7 Stealth
 + Level 4.5 Spellcasting
 + Level 2.1 Conjurations
 + Level 4.5 Fire Magic


You had 5 spell levels left.
You knew the following spells:

 Your Spells              Type           Power        Failure   Level  Hunger
a - Flame Tongue          Conj/Fire      ###..        1%          1    None
b - Throw Flame           Conj/Fire      ###...       1%          2    #......
c - Sticky Flame          Conj/Fire      ###.....     12%         4    ####...


Dungeon Overview and Level Annotations

Branches:
Dungeon (3/15)

Altars:


Message History

Casting: Flame Tongue
Confirm with . or Enter, or press ? or * to list all spells.
Aiming: Flame Tongue
Press: ? - help, Shift-Dir - straight line, f/p - jackal
Aim: a jackal (lightly wounded)
The flame tongue hits the jackal.
You kill the jackal!
The orc hits you.
You hit the orc but do no damage. You barely miss the orc.
The orc hits you but does no damage. The orc closely misses you.
You riposte.
You hit the orc.
The orc is heavily wounded.
An orc priest comes into view.
The orc priest casts a cantrip, but nothing happens.
The orc priest begins to cast a cantrip, but forgets the words!
The orc completely misses you.
You riposte.
You barely miss the orc.
The orc priest mumbles some strange prayers to Beogh against you.
Beogh smites you!
Ouch! That really hurt!
You die...

..........<...###.##....#........
..............# #.##....#.##.....
..............###.......#.##.....
...............##.....o..........
...............##..........#.....
...............##...o......#....)
................#..........#.....
..............#.........####.....
................@o.o.........#...
.....(........#..............#...
..............#..................
.............<#...###............
..............#..................
.....#.#.........................
.................................
.....#.#.........>...............
...#.............................


You could see an orc priest and 3 orcs.

Vanquished Creatures
  An orc priest (D:3)
  3 adders
  3 worms
  3 dart slugs
  2 leopard geckos
  2 orcs (D:3)
  A ball python (D:1)
  3 giant cockroaches
  6 goblins
  3 hobgoblins (D:1)
  4 jackals (D:3)
  4 kobolds (D:2)
  A quokka (D:2)
  10 bats
  9 rats
55 creatures vanquished.

Notes
Turn   | Place    | Note
-------+----------+-------------------------------------------
     0 | D:1      | dvd the Deep Elf Fire Elementalist began the quest for the Orb.
     0 | D:1      | Reached XP level 1. HP: 10/10 MP: 6/6
   247 | D:1      | Reached XP level 2. HP: 15/15 MP: 4/8
   640 | D:1      | Learned a level 2 spell: Throw Flame
   782 | D:2      | Reached XP level 3. HP: 19/19 MP: 3/10
  1417 | D:3      | Reached XP level 4. HP: 2/24 MP: 3/11
  1759 | D:3      | Learned a level 4 spell: Sticky Flame
  1958 | D:3      | Killed from afar by an orc priest

Vault maps used:
D:1:      dpeg_arrival_castle
D:3:      serial_glass, glass_columns_a, glass_columns_c, first_bread

Skill      XL: |  1  2  3  4 |
---------------+-------------+-----
Fire Magic     | 4 |  4.5
Dodging        | 3 |  3.2
Spellcasting   | 4 |  4.5
Conjurations   | 2 |  2.1
Long Blades    | |  0.1
Stealth        | |  2.7

Action                   |  1- 3 |  4- 6 || total
-------------------------+-------+-------++-------
Melee: Long sword        |     3 |     7 ||    10
 Cast: Flame Tongue      |    65 |    23 ||    88
       Throw Flame       |     3 |     8 ||    11
  Use: Potion            |       |     1 ||     1
  Eat: Chunk             |     1 |     2 ||     3
Armor: Robe              |     5 |    12 ||    17
Dodge: Dodged            |    22 |    24 ||    46
       Rpst.: Long sword |     3 |     9 ||    12

Table legend:
 A = Spawn XP
 B = Non-spawn XP
 C = Spawn XP percentage of total XP
 D = Spawn monster count
 E = Non-spawn monster count
 F = Spawn count percentage of total count
 G = Total turns spent on level
                    A         B        C        D         E        F      G
               +---------+---------+-------+---------+---------+-------+---------
         Total |       0 |     183 |   0.0 |       0 |      55 |   0.0 |  1958
               +---------+---------+-------+---------+---------+-------+---------
           D:1 |       0 |      28 |   0.0 |       0 |      15 |   0.0 |   705
           D:2 |       0 |      49 |   0.0 |       0 |      20 |   0.0 |   608
           D:3 |       0 |     106 |   0.0 |       0 |      20 |   0.0 |   645
               +---------+---------+-------+---------+---------+-------+---------
